 Dungeon Crawl Stone Soup version 0.17.1-2-g5865329 (webtiles) character file.

25616 pipel the Grappler (level 12, -16/127 HPs)
             Began as a Troll Berserker on Feb 1, 2016.
             Was a High Priest of Trog.
             Killed by the air
             ... invoked by SaintRoka's ghost
              (23 damage)
             ... on level 8 of the Lair of Beasts on Feb 3, 2016.
             The game lasted 00:54:09 (5441 turns).

pipel the Grappler (Troll Berserker)                Turns: 5441, Time: 00:54:11

Health: -16/127    AC: 10    Str: 32    XL:     12   Next: 91%
Magic:  13/13      EV:  6    Int:  8    God:    Trog [*****.]
Gold:   578        SH: 14    Dex:  9    Spells: 0 memorised, 11 levels left

rFire  . . .     SeeInvis .       - Unarmed
rCold  . . .     Clarity  .     u - +1 robe of Umoy {+Blink}
rNeg   . . .     SustAt   .     w - +3 shield
rPois  .         Gourm    +     R - +2 hat
rElec  .         Spirit   .     n - +0 cloak
rCorr  .         Warding  .     (gloves unavailable)
rMut   .         Stasis   .     (boots unavailable)
MR     .....                    M - amulet of regeneration
Stlth  +.........               (no ring)
                                (no ring)

@: brilliant, exhausted, slowed, very slow, not resistant to hostile
enchantments, very unstealthy
A: unfitting armour, claws 3, horns 1, molten scales 1, fast metabolism 3,
gourmand, regeneration 2, shaggy fur 1, tough skin 2, subdued magic 1
a: Berserk, Trog's Hand, Brothers in Arms, Burn Spellbooks, Renounce Religion,
Evoke Blink


You were on level 8 of the Lair of Beasts.
You worshipped Trog.
Trog was extremely pleased with you.
You were full.

You visited 3 branches of the dungeon, and saw 22 of its levels.

You collected 761 gold pieces.
You spent 183 gold pieces at shops.

Inventory:

Hand Weapons
 m - the +9 dagger "Qicvoozi" {pierce, SInv}
   (You found it on level 8 of the Dungeon)

   It inflicts extra damage upon your enemies.
   It lets you see invisible.
 E - a +4 blowgun
 G - a +0 giant spiked club
Missiles
 e - 20 poisoned needles
 r - 8 needles of slowing
 x - 5 tomahawks of returning
 B - 4 silver tomahawks
 K - 8 curare-tipped needles
 P - 4 tomahawks
 S - a javelin
 W - 5 large rocks (quivered)
Armour
 a - a +0 animal skin
 n - a +0 cloak (worn)
 u - the +1 robe of Umoy (worn) {+Blink}
   (You bought it in a shop on level 7 of the Dungeon)

   It lets you blink.
 w - a +3 shield (worn)
 H - a +2 large shield
 R - a +2 hat (worn)
 U - the cursed +1 robe of Baldness {rF+ rN+}
   (You found it on level 7 of the Lair of Beasts)

   It protects you from fire.
   It protects you from negative energy.
   It has a curse placed upon it.
 Y - a +0 ice dragon armour
Jewellery
 D - an uncursed amulet of stasis
 M - an amulet of regeneration (around neck)
Wands
 j - a wand of flame (29)
 v - a wand of slowing (18)
 I - a wand of frost (27)
 N - a wand of digging (15)
Scrolls
 c - a scroll of identify
 f - a scroll of fear
 y - a scroll of enchant weapon
 A - 3 scrolls of teleportation
 O - a scroll of remove curse
 T - a scroll of enchant armour
 V - a scroll of blinking
 X - a scroll of fog
Potions
 g - a potion of haste
 h - 2 potions of resistance
 p - 2 potions of might
 s - a potion of berserk rage
 C - a potion of cure mutation
Miscellaneous
 d - a phantom mirror
 F - a stone of tremors
 L - a lamp of fire
Comestibles
 b - 6 bread rations
 k - a royal jelly
 l - 4 beef jerkies
 t - a slice of pizza
 z - 4 fruits
 J - 3 chunks of flesh


   Skills:
 + Level 10.3 Fighting
 + Level 4.2 Throwing
 - Level 5.9 Dodging
 - Level 0.4 Stealth
 - Level 7.1 Shields
 + Level 13.6 Unarmed Combat
 - Level 3.3 Evocations


You had 11 spell levels left.
You didn't know any spells.

Dungeon Overview and Level Annotations

Branches:
Dungeon (12/15)            Temple (0/1) D:7            Lair (8/8) D:10
 Shoals (0/4) Lair:5       Spider (2/4) Lair:5        Slime (0/6) Lair:7
    Orc: D:9-12

Altars:
Elyvilon
Nemelex Xobeh
The Shining One
Jiyva

Shops:
D:4 [   D:7 [=((   D:8 [

Annotations:
D:5 Sigmund
D:6 exclusion: upstairs
D:9 exclusion: downstairs
Lair:8 SaintRoka's ghost, journeyman HETm


Innate Abilities, Weirdness & Mutations

You are too large for most types of armour.
You have claws for hands.
Your metabolism is lightning-fast.
You like to eat raw meat.
You heal very quickly.
You are covered in fur (AC +1).
You have very tough skin (AC +2).
You have a pair of small horns on your head.
You are partially covered in molten scales (AC +1).
Your spells are a little easier to cast, but a little less powerful.


Message History

SaintRoka's ghost is lightly damaged.
You completely miss SaintRoka's ghost. Your headbutt misses SaintRoka's ghost.
SaintRoka's ghost is lightly damaged.
Your two-headed ogre completely misses SaintRoka's ghost.
Your two-headed ogre closely misses SaintRoka's ghost.
SaintRoka's ghost waves its arms in wide circles.
The air twists around and strikes you!
* * * LOW HITPOINT WARNING * * *
A polar bear comes into view.
Your two-headed ogre hits SaintRoka's ghost with a giant spiked club!
Your two-headed ogre completely misses SaintRoka's ghost.
You feel a strong urge to attack something.
There is a stone staircase leading up here.
You are no longer berserk.
You are exhausted.
You feel yourself slow down.
Your two-headed ogre rages.
SaintRoka's ghost waves its arms in wide circles.
The air twists around and strikes you!
You die...

..PP#..............
..P.............P..
..............).h..
.................P≈
..................P
..P................
PP....≈...WO..#...P
PPP≈.......P...≈
P≈PP.P.@.......≈
≈♣≈≈≈≈.PPP......
P.≈♣≈♣≈PP≈P.....
.P≈P≈≈♣♣≈P≈P..PP
..≈PP♣ ≈≈≈PP...P


P.≈PP ♣≈≈≈P≈.## ≈.≈P ≈≈≈P≈≈.# PPP ≈PP≈≈## You could see a polar bear,
SaintRoka's ghost and a friendly two-headed ogre (berserk).

Vanquished Creatures
  Rupert (Lair:5)
  Erolcha (D:8)
  Sonja (Lair:1)
  A griffon (Lair:5)
  A black mamba (Lair:6)
  A cyclops (D:11)
  A torpor snail (Lair:7)
  A kobold demonologist (D:11)
  11 spiny frogs
  A komodo dragon (Lair:3)
  A demonic crawler (Spider:1)
  A two-headed ogre (D:9)
  A troll (D:11)
  23 blink frogs
  3 wyverns
  A deep elf mage (D:9)
  17 yaks
  A tarantella (Spider:1)
  7 hippogriffs
  7 wolves (Lair:7)
  Edmund (D:6)
  An orc warrior (D:7)
  5 water moccasins
  2 porcupines
  3 black bears
  2 centaurs
  An ice beast (D:7)
  5 sky beasts
  An eye of draining (D:6)
  6 ogres
  11 crocodiles
  4 giant frogs
  5 scorpions
  3 killer bees
  2 crimson imps
  A giant frog zombie (D:7)
  8 orc priests
  A centaur zombie (D:10)
  4 hounds
  2 giant frog skeletons
  5 orc wizards
  2 quasits
  6 iguanas
  4 centaur skeletons
  7 worker ants
  2 killer bee zombies
  A hound skeleton (D:10)
  3 adders
  A worker ant zombie (D:8)
  27 river rats
  5 gnolls
  3 shadow imps
  2 oozes
  An adder zombie (D:9)
  2 adder skeletons
  2 giant geckos
  25 orcs
  A giant cockroach (D:7)
  3 goblins
  3 hobgoblins
  A kobold (D:3)
  A quokka (D:11)
  5 bats
  4 giant newts
  2 jackals (D:7)
  4 rats
272 creatures vanquished.

Vanquished Creatures (collateral kills)
  2 hydras
  A yak (Lair:7)
  3 wolves (Lair:7)
  A crocodile (Lair:2)
  2 river rats (Lair:7)
9 creatures vanquished.

Vanquished Creatures (others)
  8 fungi
  3 plants
11 creatures vanquished.

Grand Total: 292 creatures vanquished

Notes
Turn   | Place    | Note
--------------------------------------------------------------
     0 | D:1      | pipel the Troll Berserker began the quest for the Orb.
     0 | D:1      | Reached XP level 1. HP: 22/22 MP: 0/0
    94 | D:1      | Reached XP level 2. HP: 29/29 MP: 1/1
   203 | D:3      | Reached skill level 1 in Throwing
   214 | D:3      | Reached XP level 3. HP: 18/36 MP: 2/2
   271 | D:2      | Reached ** piety under Trog
   309 | D:3      | Reached XP level 4. HP: 44/44 MP: 3/3
   409 | D:4      | Reached XP level 5. HP: 35/52 MP: 4/4
   529 | D:5      | Entered Level 5 of the Dungeon
   604 | D:6      | Noticed a centaur
   612 | D:6      | Reached skill level 4 in Unarmed Combat
   616 | D:6      | Killed a centaur
   616 | D:6      | Reached XP level 6. HP: 50/61 MP: 5/5
   650 | D:6      | Noticed a black bear
   661 | D:6      | Killed a black bear
   695 | D:6      | Noticed Edmund
   717 | D:6      | Noticed an eye of draining
   727 | D:6      | Killed Edmund
   727 | D:6      | Reached XP level 7. HP: 67/67 MP: 1/6
   730 | D:6      | Killed an eye of draining
   730 | D:6      | Reached skill level 5 in Dodging
   730 | D:6      | Reached skill level 5 in Unarmed Combat
   750 | D:5      | Noticed Sigmund
   750 | D:5      | Noticed an ice beast
   784 | D:7      | Found Noguqiwn's Weapon Shoppe.
   881 | D:7      | Found Jialeudd's Jewellery Emporium.
  1005 | D:7      | Found Mefun's Armour Emporium.
  1040 | D:7      | Found Xiahod's Antique Weapon Emporium.
  1068 | D:7      | Found a white marble altar of Elyvilon.
  1184 | D:7      | Reached XP level 8. HP: 78/78 MP: 7/7
  1232 | D:7      | Bought the cursed +1 robe of Umoy {+Blink} for 183 gold pieces
  1249 | D:7      | Reached *** piety under Trog
  1249 | D:7      | Reached skill level 6 in Unarmed Combat
  1331 | D:8      | Found Lobuatem's Antique Armour Shop.
  1371 | D:8      | Reached skill level 1 in Evocations
  1414 | D:8      | Noticed Erolcha
  1427 | D:8      | Reached skill level 5 in Fighting
  1441 | D:8      | Killed Erolcha
  1441 | D:8      | Reached skill level 7 in Unarmed Combat
  1441 | D:8      | Reached XP level 9. HP: 27/88 MP: 8/10
  1458 | D:10     | Entered Level 10 of the Dungeon
  1472 | D:9      | Noticed a wyvern
  1472 | D:9      | Noticed a two-headed ogre
  1484 | D:9      | Killed a wyvern
  1489 | D:9      | Killed a two-headed ogre
  1489 | D:9      | Reached skill level 8 in Unarmed Combat
  1502 | D:9      | Gained mutation: Your muscles are strong. (Str +2) [mutagenic meat]
  1503 | D:9      | Gained mutation: You can breathe flames. [mutagenic meat]
  1505 | D:9      | Gained mutation: Your spells are a little harder to cast, but a little more powerful. [mutagenic meat]
  1506 | D:9      | Lost mutation: Your muscles are strong. (Str +2) [mutagenic meat]
  1545 | D:8      | Gained mutation: You have an increased reservoir of magic (+10% MP). [mutagenic meat]
  1645 | D:8      | Got a dazzling dagger
  1646 | D:8      | Identified the +9 dagger "Qicvoozi" {pierce, SInv} (You found it on level 8 of the Dungeon)
  1728 | D:9      | Reached skill level 9 in Unarmed Combat
  1735 | D:9      | Noticed a deep elf mage
  1776 | D:9      | Killed a deep elf mage
  1984 | D:7      | Reached XP level 10. HP: 97/100 MP: 12/12
  2005 | D:6      | Noticed an ogre
  2010 | D:6      | Killed an ogre
  2021 | D:6      | Noticed an ogre
  2033 | D:6      | Killed an ogre
  2078 | D:4      | Found Fekasiagga's Armour Boutique.
  2117 | D:4      | Found a glowing golden altar of the Shining One.
  2278 | D:5      | Found a sparkling altar of Nemelex Xobeh.
  2280 | D:5      | Noticed an ogre
  2282 | D:5      | Killed an ogre
  2358 | D:8      | Reached skill level 1 in Shields
  2624 | D:11     | Reached skill level 10 in Unarmed Combat
  2688 | D:11     | Reached **** piety under Trog
  2714 | D:11     | Noticed a cyclops
  2744 | D:11     | Killed a cyclops
  2814 | D:10     | Noticed a centaur skeleton
  2816 | D:10     | Found a staircase to the Lair.
  2822 | D:10     | Killed a centaur skeleton
  2861 | Lair:1   | Entered Level 1 of the Lair of Beasts
  2987 | Lair:2   | HP: 3/104 [blink frog (10)]
  2993 | Lair:2   | Reached XP level 11. HP: 12/111 MP: 13/13
  3042 | Lair:2   | Noticed a six-headed hydra
  3053 | Lair:2   | Killed a six-headed hydra
  3053 | Lair:2   | Reached skill level 5 in Shields
  3303 | Lair:3   | Reached skill level 11 in Unarmed Combat
  3352 | Lair:4   | Noticed a seven-headed hydra
  3750 | Lair:1   | Noticed Sonja
  3767 | Lair:1   | Killed Sonja
  3876 | Lair:5   | Noticed a fire crab
  3887 | Lair:5   | HP: 1/113 [fire crab (14)]
  4042 | Lair:5   | Found a staircase to the Shoals.
  4108 | Lair:5   | Found a hole to the Spider Nest.
  4124 | Spider:1 | Entered Level 1 of the Spider Nest
  4150 | Spider:2 | Noticed an emperor scorpion
  4200 | Lair:5   | Noticed Rupert
  4221 | Lair:5   | Killed Rupert
  4221 | Lair:5   | Reached skill level 12 in Unarmed Combat
  4221 | Lair:5   | Reached XP level 12. HP: 75/123 MP: 14/14
  4585 | Lair:7   | Identified a scroll of acquirement
  4597 | Lair:7   | Got a wizard robe
  4598 | Lair:7   | Identified the cursed +1 robe of Baldness {rF+ rN+} (You found it on level 7 of the Lair of Beasts)
  4603 | Lair:7   | Noticed a four-headed hydra
  4852 | Lair:6   | Reached ***** piety under Trog
  4863 | Lair:6   | Received a gift from Trog
  4873 | Lair:7   | Found a viscous altar of Jiyva.
  4873 | Lair:7   | Found a staircase to the Slime Pits.
  4894 | Lair:7   | Killed a nine-headed hydra
  4894 | Lair:7   | Reached skill level 13 in Unarmed Combat
  4929 | Lair:7   | Reached skill level 10 in Fighting
  5049 | Lair:7   | Received a gift from Trog
  5052 | Lair:8   | Entered Level 8 of the Lair of Beasts
  5052 | Lair:8   | Noticed SaintRoka's ghost (journeyman HETm)
  5196 | Lair:7   | Lost mutation: Your spells are a little harder to cast, but a little more powerful. [potion of cure mutation]
  5196 | Lair:7   | Lost mutation: You can breathe flames. [potion of cure mutation]
  5196 | Lair:7   | Lost mutation: You have an increased reservoir of magic (+10% MP). [potion of cure mutation]
  5420 | Lair:7   | Gained mutation: Your spells are a little easier to cast, but a little less powerful. [potion of mutation]
  5420 | Lair:7   | Gained mutation: You are partially covered in molten scales (AC +1). [potion of mutation]
  5420 | Lair:7   | Gained mutation: You have a pair of small horns on your head. [potion of mutation]
  5438 | Lair:8   | HP: 8/190 [SaintRoka's ghost/the air (26)]
  5441 | Lair:8   | Killed from afar by SaintRoka's ghost

Action                   |  1- 3 |  4- 6 |  7- 9 | 10-12 || total
-------------------------+-------+-------+-------+-------++-------
Melee: Unarmed           |    55 |    65 |   196 |   640 ||   956
 Fire: Blowgun           |       |       |       |     5 ||     5
Throw: Stone             |     5 |     4 |       |       ||     9
       Tomahawk          |       |     2 |     1 |    41 ||    44
       Large rock        |       |       |       |    15 ||    15
       Javelin           |       |       |       |    11 ||    11
Invok: Berserk           |     2 |     4 |    11 |    14 ||    31
       Trog's Hand       |       |     1 |     6 |     4 ||    11
       Brothers in Arms  |       |       |       |     4 ||     4
 Abil: Evoke Blink       |       |       |     1 |     7 ||     8
Evoke: Wand              |       |       |       |     1 ||     1
  Use: Scroll            |     1 |       |    12 |    13 ||    26
       Potion            |       |       |       |     5 ||     5
 Stab: Sleeping          |       |       |     1 |     1 ||     2
  Eat: Chunk             |     8 |     9 |    33 |    49 ||    99
